 Dungeon Crawl Stone Soup version 0.32-a0-935-g6cb2a80 (webtiles) character file.

719 atomicknyte the Slasher (level 7, 0/52 HPs)
             Began as a Demonspawn Gladiator on July 22, 2018.
             Succumbed to a killer bee's poison
             ... on level 5 of the Dungeon on Apr 14, 2024.
             The game lasted 00:16:51 (4165 turns).

atomicknyte the Slasher (Demonspawn Gladiator)      Turns: 4165, Time: 00:16:51

Health: 0/52       AC: 12    Str: 14    XL:     7   Next: 42%
Magic:  7/7        EV:  6    Int: 11    God:
Gold:   264        SH:  4    Dex: 15    Spells: 6/6 levels left

rFire   . . .        a - +0 long sword
rCold   . . .        g - +0 buckler
rNeg    . . .        q - +0 chain mail
rPois   .            (helmet restricted)
rElec   .            x - +2 cloak
rCorr   .            (no gloves)
SInv    .            (no boots)
Will    .....        (no amulet) Stlth
                     (no ring)
HPRegen 0.28/turn    (no ring)
MPRegen 0.10/turn

%: no passive effects
@: lethally poisoned (0 -> -14)
A: horns 2, spiny 1
a: no special abilities


You were on level 5 of the Dungeon.
You visited 1 branch of the dungeon, and saw 5 of its levels.

You collected 264 gold pieces.

Inventory:

Hand Weapons
 a - a +0 long sword (weapon)
 b - a +0 sling
Missiles
 d - 3 throwing nets (quivered)
 u - 90 stones
 v - 5 poisoned darts
Armour
 g - a +0 buckler (worn)
 q - a +0 chain mail (worn)
 x - a +2 cloak (worn)
Talismans
 r - a flux talisman
Wands
 c - a wand of mindburst (14)
 p - a wand of flame (29)
 y - a wand of warping (2)
Scrolls
 e - 4 scrolls of teleportation {unknown}
 k - a scroll of amnesia {unknown}
 l - a scroll of fog {unknown}
 m - a scroll of enchant weapon {unknown}
 n - a scroll of enchant armour {unknown}
 s - 4 scrolls of identify {unknown}
 t - a scroll of blinking {unknown}
Potions
 h - 2 potions of curing {unknown}
 i - 2 potions of heal wounds
 j - a potion of resistance {unknown}
 o - 2 potions of attraction {unknown}
 w - 2 potions of haste {unknown}
 z - a potion of lignification {unknown}
Comestibles
 f - 4 removed foods


   Skills:
 + Level 3.5 Fighting
 + Level 4.3 Long Blades
 + Level 3.3 Throwing
 + Level 2.5 Armour
 + Level 4.2 Dodging
 - Level 0.1 Stealth
 + Level 2.2 Shields
 + Level 1.4 Unarmed Combat


You had 6 spell levels left.
You didn't know any spells.
Your spell library contained the following spells:

 Spells                   Type           Power      Damage    Failure   Level
 Sublimation of Blood     Necr           0%         N/A       100%        2
 Petrify                  Alch/Erth      0%         N/A       100%        4
 Irradiate                Conj/Alch      0%         3d11      100%        5


Dungeon Overview and Level Annotations

Branches:
Dungeon (5/15)
 Temple: D:4-7

Altars:
Gozag
Kikubaaqudgha
Nemelex Xobeh
Wu Jian

Shops:
D:2 =


Innate Abilities, Weirdness & Mutations

You have a pair of horns on your head.
You are partially covered in sharp spines.


Message History

The killer bee stings you. The killer bee barely misses you.
You miss the killer bee.
The killer bee is almost dead.
You feel sick.
The killer bee is struck by your spines.
The killer bee stings you but does no damage. x2
The killer bee is struck by your spines.
You kill the killer bee!
You block the killer bee's attack.
Unknown command.
Unknown command.
Unknown command.
You miss the killer bee.
The killer bee is severely wounded.
You feel sick.
The killer bee is struck by your spines.
The killer bee barely misses you. The killer bee stings you.
You block the killer bee's attack.
The killer bee is struck by your spines.
The killer bee stings you but does no damage.
Unknown command.
Unknown command.
Unknown command.
You completely miss the killer bee.
The killer bee is almost dead.
You feel sick. The killer bee stings you!
* * * LOW HITPOINT WARNING * * *
You are more poisoned.
The killer bee poisons you!
The killer bee is struck by your spines.
The killer bee stings you.
* * * LOW HITPOINT WARNING * * *
You are more poisoned.
The killer bee poisons you! The killer bee barely misses you.
The killer bee is struck by your spines.
The killer bee stings you but does no damage. x2
The killer bee completely misses you.
You slash the killer bee!
You kill the killer bee!
You die...

......>......#
.............#
..........y..#
.......y.....# .
#... #..†# ..
##...##...######...
..........#.....#
..........y†....+
#........#@....#
##........#.....#
..........#.....#
..........#.....#
.........>+.....#
########'##.....#
...............#
...............#
...............#


You could see a killer bee.

Vanquished Creatures
  2 scorpions (D:4)
  5 killer bees (D:5)
  2 bombardier beetles (D:4)
  3 hounds (D:4)
  2 orc priests (D:4)
  An iguana (D:5)
  An orc wizard (D:3)
  6 adders
  2 dart slugs
  A ribbon worm (D:4)
  11 orcs
  6 ball pythons
  9 bats
  9 endoplasms
  4 giant cockroaches
  11 goblins
  6 hobgoblins
  2 jackals (D:2)
  12 kobolds
  A frilled lizard (D:2)
  8 rats
104 creatures vanquished.

Notes
Turn   | Place    | Note
-------+----------+-------------------------------------------
     0 | D:1      | atomicknyte the Demonspawn Gladiator began the quest for
                  | the Orb.
     0 | D:1      | Reached XP level 1. HP: 16/16 MP: 1/1
    99 | D:1      | Upgraded the game from 0.22-a0-803-gd6d8abe to
                  | 0.32-a0-935-g6cb2a80
   153 | D:1      | Gained mutation: You have a pair of small horns on your
                  | head. [demonic ancestry]
   153 | D:1      | Reached XP level 2. HP: 22/22 MP: 2/2
   565 | D:1      | Reached XP level 3. HP: 14/27 MP: 3/3
  1397 | D:2      | Reached XP level 4. HP: 24/33 MP: 4/4
  1734 | D:2      | Found Zisim's One-of-a-Kind Rings.
  2460 | D:3      | Found an opulent altar of Gozag.
  2520 | D:3      | Reached skill level 1 in Armour
  2846 | D:3      | Found a faded altar of an unknown god.
  3042 | D:4      | Gained mutation: You are partially covered in sharp spines.
                  | [demonic ancestry]
  3042 | D:4      | Reached XP level 5. HP: 37/39 MP: 5/5
  3074 | D:4      | Reached skill level 1 in Shields
  3379 | D:4      | Gained mutation: You have a pair of horns on your head.
                  | [demonic ancestry]
  3379 | D:4      | Reached XP level 6. HP: 28/46 MP: 6/6
  3455 | D:4      | Found a sparkling altar of Nemelex Xobeh.
  3456 | D:4      | Found an ancient bone altar of Kikubaaqudgha.
  3832 | D:4      | Found an ornate altar of the Wu Jian Council.
  3969 | D:4      | Reached skill level 1 in Unarmed Combat
  4077 | D:5      | Entered Level 5 of the Dungeon
  4079 | D:5      | Reached XP level 7. HP: 52/52 MP: 7/7
  4165 | D:5      | Succumbed to a killer bee's poison

Illustrated notes

Levels and vault maps discovered:
D:1:      minmay_arrival_widening_spiral_narrow, minmay_quantized
D:2:      layout_rooms, nicolae_shop_unique_rings
D:3:      layout_basic, mainiacjoe_overflow_surrounded_room,
          dilly_ecumenical_altar_fadedgnrine
D:4:      layout_loops_ring, nzn_wu_jian_council_hall,
          chequers_temple_overflow_statue_of_worship, minmay_cupped
D:5:      layout_gridville, minmay_temple_entry_slanted, cheibrodos_gnoll_hut

Skill      XL: |  1  2  3  4  5  6  7 |
---------------+----------------------+-----
Dodging        | 3 4 |  4.2
Throwing       | 2 3 |  3.3
Long Blades    | 3 4 |  4.3
Armour         | 1 2 |  2.5
Shields        | 1 2 |  2.2
Fighting       | 3 |  3.5
Unarmed Combat | 1 |  1.4
Stealth        | |  0.1

Action                     |  1- 3 |  4- 6 |  7- 9 || total
---------------------------+-------+-------+-------++-------
  Melee: Long sword        |   118 |   167 |    18 ||   303
         Headbutt          |    15 |    28 |     1 ||    44
    Use: Potion            |       |       |     1 ||     1
 Armour: Leather armour    |    45 |       |       ||    45
         Scale mail        |    39 |    24 |       ||    63
         Chain mail        |       |    96 |    35 ||   131
  Dodge: Dodged            |    88 |    46 |    19 ||   153
  Block: Buckler           |    20 |    32 |     6 ||    58

Table legend: (Time is in decaauts)
 A = Elapsed time spent in this place.
 B = Non-inter-level travel time spent in this place.
 C = Inter-level travel time spent in this place.
 D = Time resting spent in this place.
 E = Time spent auto-exploring this place.
 F = Levels seen in this place.
 G = Mean time per level.
                   A        B        C        D        E       F      G
               +--------+--------+--------+--------+--------+-----+--------+
         Total |   4248 |   3967 |    281 |    103 |   2918 |   5 |  849.6 |
       Dungeon |   4248 |   3967 |    281 |    103 |   2918 |   5 |  849.6 |
               +--------+--------+--------+--------+--------+-----+--------+

Top non-repeatable levels by time:
     D:1: 1398 daAuts
     D:4: 1081 daAuts
     D:3: 980 daAuts
     D:2: 602 daAuts
     D:5: 87 daAuts
Note: time per level data comes from an upgraded game and may be incomplete.
